BR
SAN FRANCISCO MACHO MEN @ OTTAWA FAT CATS
07/18/2027
 
TOP OF THE 1ST
San Francisco Macho Men batting - Pitching for Ottawa Fat Cats : RHP Carlos Briacho
Pitching: RHP Carlos Briacho
Batting: RHB Mike Hall 0-0: Ball
1-0: Called Strike
1-1: Ball
2-1: Swinging Strike
2-2: Foul Ball, location: 2F
2-2: Ball
3-2: Foul Ball, location: 2F
3-2: Foul Ball, location: 2F
3-2: Strikes out looking
Batting: RHB Will White 0-0: Ball
1-0: Ball
2-0: Swinging Strike
2-1: Called Strike
2-2: Ball
3-2: Strikes out swinging
Batting: LHB Tony Ayala 0-0: Ball
1-0: Fly out, F8 (Flyball, 8LD)
Top of the 1st over - 0 run(s), 0 hit(s), 0 error(s), 0 left on base; San Francisco 0 - Ottawa 0
BOTTOM OF THE 1ST
Ottawa Fat Cats batting - Pitching for San Francisco Macho Men : LHP Miguel Meneces
Pitching: LHP Miguel Meneces
Batting: RHB Luis Reynoso 0-0: Called Strike
0-1: Called Strike
0-2: Strikes out swinging
Batting: LHB Wayne Rogers 0-0: Ball
1-0: Ball
2-0: Ball
3-0: Base on Balls
Batting: RHB Vicente Guerra Pickoff Throw to First - Out!
0-0: Called Strike
0-1: Ball
1-1: Ball
2-1: Foul Ball, location: 2F
2-2: Fly out, F5 (Line Drive, 5)
Bottom of the 1st over - 0 run(s), 0 hit(s), 0 error(s), 0 left on base; San Francisco 0 - Ottawa 0
TOP OF THE 2ND
San Francisco Macho Men batting - Pitching for Ottawa Fat Cats : RHP Carlos Briacho
Batting: RHB Steve Boyer 0-0: Foul Ball, location: 2F
0-1: Fly out, F4 (Popup, 3D)
Batting: LHB António Muńóz 0-0: Called Strike
0-1: Ball
1-1: Reached via error on a dropped throw, E3
Batting: RHB Derek Hartman 0-0: Ball
1-0: Foul Ball, location: 2F
1-1: Ball
2-1: Ball
3-1: Base on Balls
António Muńóz to second
Batting: RHB Awragh Hazem 0-0: Fly out, F8 (Flyball, 8RM)
Batting: RHB Esteban Concepción 0-0: Called Strike
0-1: Called Strike
0-2: Foul Ball, location: 2F
0-2: Foul Ball, location: 2F
0-2: Strikes out swinging
Top of the 2nd over - 0 run(s), 0 hit(s), 1 error(s), 2 left on base; San Francisco 0 - Ottawa 0
BOTTOM OF THE 2ND
Ottawa Fat Cats batting - Pitching for San Francisco Macho Men : LHP Miguel Meneces
Batting: RHB Tim Bonner 0-0: Ball
1-0: Called Strike
1-1: Foul Ball, location: 2F
1-2: SINGLE (Flyball, 78S)
Batting: RHB George Green 0-0: Ball
1-0: Called Strike
1-1: SINGLE (Flyball, 7S)
Tim Bonner to second
Batting: LHB Eric Dillard 0-0: Ball
1-0: Ball
2-0: SINGLE (Line Drive, 7S)
Tim Bonner to third
George Green to second
Batting: LHB Justin Tubridy 0-0: Ball
1-0: Ball
2-0: Called Strike
2-1: Fly out, F8 (Flyball, 8RD)
Runner from 3rd tags up, SCORES, no throw
George Green to third
Batting: LHB Felipe Rivera 0-0: Called Strike
Eric Dillard steals 2nd base
0-1: Foul Ball, location: 2F
0-2: Strikes out swinging
Batting: SHB Ron West 0-0: Ball
1-0: Ball
2-0: Called Strike
2-1: Swinging Strike
2-2: Ball
3-2: Strikes out swinging
Bottom of the 2nd over - 1 run(s), 3 hit(s), 0 error(s), 2 left on base; San Francisco 0 - Ottawa 1
TOP OF THE 3RD
San Francisco Macho Men batting - Pitching for Ottawa Fat Cats : RHP Carlos Briacho
Batting: RHB Dave MacGruder 0-0: Called Strike
0-1: Ball
1-1: Fly out, F7 (Flyball, 7LS)
Batting: RHB Mike Hall 0-0: Ball
1-0: Called Strike
1-1: SINGLE (Line Drive, 6M)
Batting: RHB Will White 0-0: Called Strike
0-1: Ball
1-1: Foul Ball, location: 2F
1-2: Foul Ball, location: 2F
1-2: Foul Ball, location: 2F
1-2: Strikes out looking
Batting: LHB Tony Ayala 0-0: Ball
Mike Hall steals 2nd base
1-0: Called Strike
1-1: Ball
2-1: Swinging Strike
2-2: Strikes out looking
Top of the 3rd over - 0 run(s), 1 hit(s), 0 error(s), 1 left on base; San Francisco 0 - Ottawa 1
BOTTOM OF THE 3RD
Ottawa Fat Cats batting - Pitching for San Francisco Macho Men : LHP Miguel Meneces
Batting: RHB Luis Reynoso 0-0: Called Strike
0-1: Ball
1-1: Ball
2-1: SOLO HOME RUN (Flyball, 7LD), Distance : 351 ft
Batting: LHB Wayne Rogers 0-0: Foul Ball, location: 2F
0-1: Ball
1-1: Ball
2-1: Swinging Strike
2-2: Foul Ball, location: 2F
2-2: Strikes out swinging
Batting: RHB Vicente Guerra 0-0: Fly out, F6 (Line Drive, 6)
Batting: RHB Tim Bonner 0-0: Ball
1-0: Called Strike
1-1: Foul Ball, location: 2F
1-2: Ball
2-2: Ball
3-2: SINGLE (Flyball, 7S)
Batting: RHB George Green 0-0: Ball
1-0: Ball
2-0: Swinging Strike
2-1: Foul Ball, location: 2F
2-2: Ball
3-2: Strikes out looking
Bottom of the 3rd over - 1 run(s), 2 hit(s), 0 error(s), 1 left on base; San Francisco 0 - Ottawa 2
TOP OF THE 4TH
San Francisco Macho Men batting - Pitching for Ottawa Fat Cats : RHP Carlos Briacho
Batting: RHB Steve Boyer 0-0: Ball
1-0: Foul Ball, location: 2F
1-1: Ball
2-1: Swinging Strike
2-2: SINGLE (Flyball, 8LS)
Batting: LHB António Muńóz 0-0: SINGLE (Groundball, 34) (infield hit)
Steve Boyer to second
Batting: RHB Derek Hartman 0-0: Called Strike
0-1: Ball
1-1: Fly out, F6 (Popup, 6)
Batting: RHB Awragh Hazem 0-0: Foul Ball, location: 2F
0-1: Ball
1-1: DOUBLE (Flyball, 78D)
Steve Boyer scores
António Muńóz to third
Batting: RHB Esteban Concepción 0-0: Ball
1-0: SINGLE (Groundball, 6MD)
António Muńóz scores
Awragh Hazem to third
Runner from 3rd tries for Home, SAFE, throw made home
Batting: RHB Dave MacGruder 0-0: Called Strike
0-1: Called Strike
0-2: Grounds into double play, 5-4-3 (Groundball, 5L)
Top of the 4th over - 3 run(s), 4 hit(s), 0 error(s), 0 left on base; San Francisco 3 - Ottawa 2
BOTTOM OF THE 4TH
Ottawa Fat Cats batting - Pitching for San Francisco Macho Men : LHP Miguel Meneces
Batting: LHB Eric Dillard 0-0: Ball
1-0: Ball
2-0: Foul Ball, location: 2F
2-1: Foul Ball, location: 2F
2-2: Ball
3-2: Ground out 4-3 (Groundball, 4)
Batting: LHB Justin Tubridy 0-0: Called Strike
0-1: Ball
1-1: Swinging Strike
1-2: Ball
2-2: Strikes out swinging
Batting: LHB Felipe Rivera 0-0: Ground out 4-3 (Groundball, 4)
Bottom of the 4th over - 0 run(s), 0 hit(s), 0 error(s), 0 left on base; San Francisco 3 - Ottawa 2
TOP OF THE 5TH
San Francisco Macho Men batting - Pitching for Ottawa Fat Cats : RHP Carlos Briacho
Batting: RHB Mike Hall 0-0: Called Strike
0-1: Fly out, F6 (Popup, 6D)
Batting: RHB Will White 0-0: Ball
1-0: Ball
2-0: Foul Ball, location: 2F
2-1: Ground out 5-3 (Groundball, 5S)
Batting: LHB Tony Ayala 0-0: Called Strike
0-1: Swinging Strike
0-2: Foul Ball, location: 2F
0-2: Foul Ball, location: 2F
0-2: Ball
1-2: Foul Ball, location: 2F
1-2: Foul Ball, location: 2F
1-2: SINGLE (Groundball, 4MD)
Pitching: LHP Dave Moser
Batting: RHB Steve Boyer 0-0: Called Strike
Tony Ayala steals 2nd base
0-1: Foul Ball, location: 2F
0-2: Strikes out swinging
Top of the 5th over - 0 run(s), 1 hit(s), 0 error(s), 1 left on base; San Francisco 3 - Ottawa 2
BOTTOM OF THE 5TH
Ottawa Fat Cats batting - Pitching for San Francisco Macho Men : LHP Miguel Meneces
Batting: SHB Ron West 0-0: Called Strike
0-1: Ball
1-1: Foul Ball, location: 2F
1-2: Foul Ball, location: 2F
1-2: Ground out 4-3 (Groundball, 4D)
Batting: RHB Luis Reynoso 0-0: Called Strike
0-1: Ground out 5-3 (Groundball, 56S)
Batting: LHB Wayne Rogers 0-0: Foul Ball, location: 2F
0-1: Ball
1-1: Called Strike
1-2: Foul Ball, location: 2F
1-2: Foul Ball, location: 2F
1-2: Foul Ball, location: 2F
1-2: Ball
2-2: Fly out, F4 (Line Drive, 4MD)
Bottom of the 5th over - 0 run(s), 0 hit(s), 0 error(s), 0 left on base; San Francisco 3 - Ottawa 2
TOP OF THE 6TH
San Francisco Macho Men batting - Pitching for Ottawa Fat Cats : LHP Dave Moser
Batting: LHB António Muńóz 0-0: Fly out, F7 (Flyball, 7D)
Batting: RHB Derek Hartman 0-0: Called Strike
0-1: Ball
1-1: Ground out 5-3 (Groundball, 56)
Batting: RHB Awragh Hazem 0-0: Called Strike
0-1: Fly out, F9 (Flyball, 9S)
Top of the 6th over - 0 run(s), 0 hit(s), 0 error(s), 0 left on base; San Francisco 3 - Ottawa 2
BOTTOM OF THE 6TH
Ottawa Fat Cats batting - Pitching for San Francisco Macho Men : LHP Miguel Meneces
Pitching: RHP José Estrada
Batting: RHB Vicente Guerra 0-0: Called Strike
0-1: Ball
1-1: Foul Ball, location: 2F
1-2: Strikes out swinging
Batting: RHB Tim Bonner 0-0: Ball
1-0: Foul Ball, location: 2F
1-1: Fly out, F6 (Popup, 5D)
Batting: RHB George Green 0-0: Foul Ball, location: 2F
0-1: Fly out, F3 (Popup, 34S)
Bottom of the 6th over - 0 run(s), 0 hit(s), 0 error(s), 0 left on base; San Francisco 3 - Ottawa 2
TOP OF THE 7TH
San Francisco Macho Men batting - Pitching for Ottawa Fat Cats : LHP Dave Moser
Batting: RHB Esteban Concepción 0-0: Fly out, F8 (Flyball, 8RS)
Batting: RHB Dave MacGruder 0-0: Ball
1-0: Ball
2-0: Swinging Strike
2-1: Ball
3-1: Base on Balls
Pinch Hitting: RHB Pablo Pineda 0-0: Swinging Strike
0-1: Ball
1-1: Ball
2-1: Ball
3-1: Foul Ball, location: 2F
3-2: Base on Balls
Dave MacGruder to second
Pinch Hitting: RHB Nelson Burton 0-0: Ball
1-0: Ball
2-0: Called Strike
2-1: Ball
3-1: Base on Balls
Dave MacGruder to third
Pablo Pineda to second
Pinch Hitting: SHB Walton Locke 0-0: Ball
1-0: Foul Ball, location: 2F
1-1: Ball
2-1: Foul Ball, location: 2F
2-2: Foul Ball, location: 2F
2-2: Strikes out swinging
Batting: RHB Steve Boyer 0-0: Fly out, F8 (Flyball, 8RS)
Top of the 7th over - 0 run(s), 0 hit(s), 0 error(s), 3 left on base; San Francisco 3 - Ottawa 2
BOTTOM OF THE 7TH
Ottawa Fat Cats batting - Pitching for San Francisco Macho Men : RHP José Estrada
Now at 2B: Pablo Pineda
Now in LF: Millard Adams
Now in CF: Lou Goeble
Batting: LHB Eric Dillard 0-0: Ball
1-0: Foul Ball, location: 2F
1-1: Swinging Strike
1-2: Ball
2-2: SINGLE (Line Drive, 89S)
Batting: LHB Justin Tubridy 0-0: Ball
1-0: Bunt missed!
1-1: Bunt missed!
1-2: SINGLE (Line Drive, 8LM)
Eric Dillard to second
Batting: LHB Felipe Rivera 0-0: Called Strike
0-1: Ball
1-1: Swinging Strike
1-2: Foul Ball, location: 2F
1-2: Ball
2-2: Ball
3-2: Base on Balls
Eric Dillard to third
Justin Tubridy to second
Batting: SHB Ron West 0-0: Grounds into double play, 6-2-3 (Groundball, 6)
Justin Tubridy to third
Felipe Rivera to second
Batting: RHB Luis Reynoso 0-0: Called Strike
0-1: Foul Ball, location: 2F
0-2: Ball
1-2: Foul Ball, location: 2F
1-2: Foul Ball, location: 2F
1-2: Ball
2-2: Fly out, F7 (Line Drive, 78M)
Bottom of the 7th over - 0 run(s), 2 hit(s), 0 error(s), 2 left on base; San Francisco 3 - Ottawa 2
TOP OF THE 8TH
San Francisco Macho Men batting - Pitching for Ottawa Fat Cats : LHP Dave Moser
Batting: LHB António Muńóz 0-0: Swinging Strike
0-1: Ground out 5-3 (Groundball, 56)
Batting: RHB Derek Hartman 0-0: Ball
1-0: Swinging Strike
1-1: Foul Ball, location: 2F
1-2: Ball
2-2: Ball
3-2: Base on Balls
Pinch Hitting: LHB Clayton Bailey 0-0: Ball
1-0: Ground out 4-3 (Groundball, 34)
Derek Hartman to second
Batting: RHB Esteban Concepción 0-0: Called Strike
0-1: Ball
1-1: Ball
2-1: Swinging Strike
2-2: Foul Ball, location: 2F
2-2: Fly out, F7 (Line Drive, 7LM)
Top of the 8th over - 0 run(s), 0 hit(s), 0 error(s), 1 left on base; San Francisco 3 - Ottawa 2
BOTTOM OF THE 8TH
Ottawa Fat Cats batting - Pitching for San Francisco Macho Men : RHP José Estrada
Pitching: LHP António Rodríguez
Now at C: Carlos Rosales
Now at 3B: Peter Hernández
Batting: LHB Wayne Rogers 0-0: Called Strike
0-1: Fly out, F8 (Flyball, 8LD)
Batting: RHB Vicente Guerra 0-0: Ball
1-0: Fly out, F9 (Line Drive, 9)
Batting: RHB Tim Bonner 0-0: Ball
1-0: SINGLE (Groundball, 6D)
Pinch Hitting: RHB Pedro Delgado 0-0: Called Strike
0-1: Swinging Strike
0-2: Ball
1-2: Strikes out looking
Bottom of the 8th over - 0 run(s), 1 hit(s), 0 error(s), 1 left on base; San Francisco 3 - Ottawa 2
TOP OF THE 9TH
San Francisco Macho Men batting - Pitching for Ottawa Fat Cats : LHP Dave Moser
Now at 3B: Santiago Díaz
Batting: RHB Dave MacGruder 0-0: Called Strike
0-1: Ground out 6-3 (Groundball, 56)
Pitching: RHP Gerardo Medina
Batting: RHB Pablo Pineda 0-0: Swinging Strike
0-1: Foul Ball, location: 2F
0-2: Ball
1-2: Strikes out looking
Pitching: LHP Bernard Zuccarello
Batting: LHB Millard Adams 0-0: Called Strike
0-1: Swinging Strike
0-2: Strikes out swinging
Top of the 9th over - 0 run(s), 0 hit(s), 0 error(s), 0 left on base; San Francisco 3 - Ottawa 2
BOTTOM OF THE 9TH
Ottawa Fat Cats batting - Pitching for San Francisco Macho Men : LHP António Rodríguez
Pitching: LHP Miguel Guerra
Batting: LHB Eric Dillard 0-0: Ground out 6-3 (Groundball, 6)
Pinch Hitting: RHB Lawrence Howard 0-0: Ball
1-0: Called Strike
1-1: Ball
2-1: Swinging Strike
2-2: Strikes out swinging
Batting: LHB Felipe Rivera 0-0: Called Strike
0-1: Ball
1-1: Ball
2-1: Ball
3-1: Called Strike
3-2: Foul Ball, location: 2F
3-2: Strikes out looking
Bottom of the 9th over - 0 run(s), 0 hit(s), 0 error(s), 0 left on base; San Francisco 3 - Ottawa 2
Thursday, March 30th, 2017 - OOTP Baseball 17.12 Build 75